APP
BILLINGS MUSTANGS @ MISSOULA OSPREY
07/06/2044
 
TOP OF THE 1ST
Billings Mustangs batting - Pitching for Missoula Osprey : RHP Jorge Gallegos
Pitching: RHP Jorge Gallegos
Batting: RHB Nick Miller 0-0: Ball
1-0: Called Strike
1-1: Called Strike
1-2: Ball
2-2: Ball
3-2: Strikes out swinging
Batting: LHB Matthew Berry 0-0: Foul Ball, location: 2F
0-1: Called Strike
0-2: Ground out 4-3 (Groundball, 4, EV 90.6 MPH)
Batting: LHB David Moore 0-0: Foul Ball, location: 2F
0-1: Foul Ball, location: 2F
0-2: Foul Ball, location: 2F
0-2: Fly out, F7 (Line Drive, 7, EV 90.6 MPH)
Top of the 1st over - 0 runs, 0 hits, 0 errors, 0 left on base; Billings 0 - Missoula 0
BOTTOM OF THE 1ST
Missoula Osprey batting - Pitching for Billings Mustangs : RHP Matt Johnson
Pitching: RHP Matt Johnson
Batting: RHB Ernesto Zamora 0-0: Ground out 6-3 (Groundball, 6S, EV 60.0 MPH)
Batting: RHB Paul Schreiber 0-0: Called Strike
0-1: Called Strike
0-2: Ball
1-2: Foul Ball, location: 2F
1-2: Ball
2-2: Foul Ball, location: 2F
2-2: Strikes out swinging
Batting: SHB Evan Armagost 0-0: Ball
1-0: Reached on error, E6 (Groundball, 6, EV 89.4 MPH)
Batting: SHB Blaine Peters 0-0: Ball
1-0: Ground out 6-3 (Groundball, 6, EV 105.0 MPH)
Bottom of the 1st over - 0 runs, 0 hits, 1 error, 1 left on base; Billings 0 - Missoula 0
TOP OF THE 2ND
Billings Mustangs batting - Pitching for Missoula Osprey : RHP Jorge Gallegos
Batting: RHB David Clough 0-0: Called Strike
0-1: Foul Ball, location: 2F
0-2: Foul Ball, location: 2F
0-2: Ball
1-2: Ball
2-2: SOLO HOME RUN (Flyball, 78XD, EV 98.8 MPH), Distance : 385 ft
Batting: RHB Jay Jacobson 0-0: Ball
1-0: Ball
2-0: Ball
3-0: Called Strike
3-1: SINGLE (Groundball, 4M, EV 104.4 MPH) (infield hit)
Batting: LHB Jon Goddard 0-0: Foul Ball, location: 2F
0-1: Ball
1-1: Fielders Choice at 2nd, 4-6 (Groundball, 4M, EV 86.3 MPH)
Batting: RHB Yutaka Sato 0-0: Called Strike
0-1: Swinging Strike
0-2: Ball
1-2: Strikes out swinging
Batting: RHB Cyd Carver 0-0: Called Strike
0-1: Called Strike
0-2: Ground out U3 (Groundball, 34S, EV 88.1 MPH)
Top of the 2nd over - 1 run, 2 hits, 0 errors, 1 left on base; Billings 1 - Missoula 0
BOTTOM OF THE 2ND
Missoula Osprey batting - Pitching for Billings Mustangs : RHP Matt Johnson
Batting: LHB Enrique Ponce 0-0: Ball
1-0: Foul Ball, location: 2F
1-1: Ball
2-1: Foul Ball, location: 2F
2-2: Ball
3-2: Ground out 4-3 (Groundball, 4, EV 80.6 MPH)
Batting: RHB Antonio Luisa 0-0: Ground out 4-3 (Groundball, 4, EV 101.3 MPH)
Batting: SHB Lee Dillon 0-0: Called Strike
0-1: Called Strike
0-2: Ball
1-2: Ball
2-2: Ball
3-2: Strikes out looking
Bottom of the 2nd over - 0 runs, 0 hits, 0 errors, 0 left on base; Billings 1 - Missoula 0
TOP OF THE 3RD
Billings Mustangs batting - Pitching for Missoula Osprey : RHP Jorge Gallegos
Batting: RHB Jon Monteith 0-0: SOLO HOME RUN (Flyball, 7D, EV 95.6 MPH), Distance : 369 ft
Batting: RHB Nick Miller 0-0: Fly out, F5 (Popup, 5S, EV 75.6 MPH)
Batting: LHB Matthew Berry 0-0: Ball
1-0: Foul Ball, location: 2F
1-1: Ball
2-1: Foul Ball, location: 2F
2-2: Ball
3-2: Foul Ball, location: 2F
3-2: Fly out, F4 (Flyball, 3D, EV 91.3 MPH)
Batting: LHB David Moore 0-0: Ball
1-0: SOLO HOME RUN (Flyball, 89XD, EV 110.0 MPH), Distance : 398 ft
Batting: RHB David Clough 0-0: Foul Ball, location: 2F
0-1: Ground out 5-3 (Groundball, 5S, EV 82.5 MPH)
Top of the 3rd over - 2 runs, 2 hits, 0 errors, 0 left on base; Billings 3 - Missoula 0
BOTTOM OF THE 3RD
Missoula Osprey batting - Pitching for Billings Mustangs : RHP Matt Johnson
Batting: RHB Sergio Manzanero 0-0: Ball
1-0: Called Strike
1-1: Called Strike
1-2: Ball
2-2: Strikes out swinging
Batting: RHB Zach Espinosa 0-0: Fly out, F8 (Flyball, 8RD, EV 91.9 MPH)
Batting: RHB Ernesto Zamora 0-0: Called Strike
0-1: Foul Ball, location: 2F
0-2: Fly out, F7 (Flyball, 7LS, EV 89.4 MPH)
Bottom of the 3rd over - 0 runs, 0 hits, 0 errors, 0 left on base; Billings 3 - Missoula 0
TOP OF THE 4TH
Billings Mustangs batting - Pitching for Missoula Osprey : RHP Jorge Gallegos
Batting: RHB Jay Jacobson 0-0: Ball
1-0: Swinging Strike
1-1: SOLO HOME RUN (Flyball, 7D, EV 97.5 MPH), Distance : 349 ft
Batting: LHB Jon Goddard 0-0: Ball
1-0: Swinging Strike
1-1: Called Strike
1-2: Ground out 4-3 (Groundball, 4, EV 83.8 MPH)
Batting: RHB Yutaka Sato 0-0: Called Strike
0-1: Called Strike
0-2: SOLO HOME RUN (Flyball, 9D, EV 104.4 MPH), Distance : 371 ft
Batting: RHB Cyd Carver 0-0: Swinging Strike
0-1: Swinging Strike
0-2: Foul Ball, location: 2F
0-2: Foul Ball, location: 2F
0-2: Strikes out swinging
Batting: RHB Jon Monteith 0-0: Reached on error, E2 (Groundball, 15S, EV 60.6 MPH)
Batting: RHB Nick Miller 0-0: Foul Ball, location: 2F
0-1: Ball
1-1: Ball
2-1: Ball
3-1: Base on Balls
Jon Monteith to second
Batting: LHB Matthew Berry 0-0: Ball
1-0: Fly out, F3 (Flyball, 3D, EV 88.1 MPH)
Top of the 4th over - 2 runs, 2 hits, 1 error, 2 left on base; Billings 5 - Missoula 0
BOTTOM OF THE 4TH
Missoula Osprey batting - Pitching for Billings Mustangs : RHP Matt Johnson
Batting: RHB Paul Schreiber 0-0: Called Strike
0-1: Called Strike
0-2: Strikes out looking
Batting: SHB Evan Armagost 0-0: Ball
1-0: Ground out 5-3 (Groundball, 56, EV 110.0 MPH)
Batting: SHB Blaine Peters 0-0: Ball
1-0: Called Strike
1-1: Foul Ball, location: 2F
1-2: Ground out 4-3 (Groundball, 4, EV 88.8 MPH)
Bottom of the 4th over - 0 runs, 0 hits, 0 errors, 0 left on base; Billings 5 - Missoula 0
TOP OF THE 5TH
Billings Mustangs batting - Pitching for Missoula Osprey : RHP Jorge Gallegos
Batting: LHB David Moore 0-0: Ball
1-0: Ball
2-0: Foul Ball, location: 2F
2-1: Ball
3-1: Base on Balls
Pitching: LHP Heath Henderson
Batting: RHB David Clough 0-0: Called Strike
0-1: Called Strike
0-2: Ball
1-2: Ball
2-2: Foul Ball, location: 2F
2-2: Ball
3-2: Base on Balls
David Moore to second
Batting: RHB Jay Jacobson 0-0: Ball
1-0: Fly out, F7 (Flyball, 78M, EV 86.9 MPH)
Batting: LHB Jon Goddard 0-0: Ball
1-0: Ball
2-0: Ball
3-0: Called Strike
3-1: Base on Balls
David Moore to third
David Clough to second
Batting: RHB Yutaka Sato 0-0: Foul Ball, location: 2F
0-1: Called Strike
0-2: Strikes out swinging
Batting: RHB Cyd Carver 0-0: Ball
1-0: Fielders Choice at 2nd, 6-4 (Groundball, 6, EV 108.8 MPH)
Top of the 5th over - 0 runs, 0 hits, 0 errors, 3 left on base; Billings 5 - Missoula 0
BOTTOM OF THE 5TH
Missoula Osprey batting - Pitching for Billings Mustangs : RHP Matt Johnson
Batting: LHB Enrique Ponce 0-0: Called Strike
0-1: Ball
1-1: Ground out 4-3 (Groundball, 34, EV 88.8 MPH)
Batting: RHB Antonio Luisa 0-0: Ball
1-0: Ground out 5-3 (Groundball, 5, EV 97.5 MPH)
Batting: SHB Lee Dillon 0-0: Ball
1-0: Swinging Strike
1-1: Ball
2-1: Foul Ball, location: 2F
2-2: Foul Ball, location: 2F
2-2: Strikes out looking
Bottom of the 5th over - 0 runs, 0 hits, 0 errors, 0 left on base; Billings 5 - Missoula 0
TOP OF THE 6TH
Billings Mustangs batting - Pitching for Missoula Osprey : LHP Heath Henderson
Pitching: RHP Rick Foster
Batting: RHB Jon Monteith 0-0: Foul Ball, location: 2F
0-1: Ball
1-1: Called Strike
1-2: Ball
2-2: Ball
3-2: Strikes out swinging
Batting: RHB Nick Miller 0-0: Ball
1-0: Ground out 6-3 (Groundball, 6, EV 102.5 MPH)
Batting: LHB Matthew Berry 0-0: Called Strike
0-1: Foul Ball, location: 2F
0-2: Foul Ball, location: 2F
0-2: Ball
1-2: Foul Ball, location: 2F
1-2: Ball
2-2: SINGLE (Flyball, 4D, EV 90.0 MPH)
Batting: LHB David Moore 0-0: Called Strike
0-1: Ball
1-1: DOUBLE (Flyball, 8RXD, EV 104.4 MPH)
Matthew Berry to third
Runner from 3rd tries for Home, SAFE, no throw by CF
Pitching: RHP Alan Muth
Batting: RHB David Clough 0-0: Ball
1-0: SINGLE (Groundball, 4MD, EV 105.6 MPH)
David Moore to third
Runner from 3rd tries for Home, throw by CF and OUT! 8-2
Top of the 6th over - 1 run, 3 hits, 0 errors, 1 left on base; Billings 6 - Missoula 0
BOTTOM OF THE 6TH
Missoula Osprey batting - Pitching for Billings Mustangs : RHP Matt Johnson
Batting: RHB Sergio Manzanero 0-0: Reached on error, E8 (Line Drive, 8RD, EV 88.8 MPH)
Batting: RHB Zach Espinosa 0-0: Ball
1-0: Called Strike
1-1: Called Strike
1-2: Foul Ball, location: 2F
1-2: Strikes out swinging
Batting: RHB Ernesto Zamora 0-0: Ball
1-0: Swinging Strike
1-1: Ball
2-1: Called Strike
2-2: Strikes out looking
Batting: RHB Paul Schreiber 0-0: Ground out 5-3 (Groundball, 5L, EV 105.0 MPH)
Bottom of the 6th over - 0 runs, 0 hits, 1 error, 1 left on base; Billings 6 - Missoula 0
TOP OF THE 7TH
Billings Mustangs batting - Pitching for Missoula Osprey : RHP Alan Muth
Batting: RHB Jay Jacobson 0-0: Ball
1-0: Swinging Strike
1-1: Hit by Pitch
Batting: LHB Jon Goddard 0-0: Ball
1-0: Ball
2-0: Ball
3-0: Called Strike
3-1: SINGLE (Line Drive, 6D, EV 95.6 MPH)
Jay Jacobson to second
Batting: RHB Yutaka Sato 0-0: Called Strike
0-1: Foul Ball, location: 2F
0-2: 3-RUN HOME RUN (Flyball, 78XD, EV 101.3 MPH), Distance : 388 ft
Batting: RHB Cyd Carver 0-0: Called Strike
0-1: Fly out, F9 (Flyball, 9, EV 83.8 MPH)
Batting: RHB Jon Monteith 0-0: Swinging Strike
0-1: Ball
1-1: Ball
2-1: Called Strike
2-2: Ball
3-2: Foul Ball, location: 2F
3-2: Base on Balls
Pitching: RHP John Petersen
Batting: RHB Nick Miller 0-0: Called Strike
0-1: Ball
1-1: Ball
2-1: SINGLE (Groundball, 6S, EV 71.9 MPH) (infield hit)
Jon Monteith to second
Batting: LHB Matthew Berry 0-0: Ball
1-0: Foul Ball, location: 2F
1-1: Ball
2-1: Ball
3-1: Foul Ball, location: 2F
3-2: Base on Balls
Jon Monteith to third
Nick Miller to second
Batting: LHB David Moore 0-0: Ball
1-0: Ball
2-0: Called Strike
2-1: Ball
3-1: Foul Ball, location: 2F
3-2: Base on Balls
Jon Monteith scores
Nick Miller to third
Matthew Berry to second
Batting: RHB David Clough 0-0: Grounds into double play, 4-6-3 (Groundball, 4, EV 77.5 MPH)
Top of the 7th over - 4 runs, 3 hits, 0 errors, 2 left on base; Billings 10 - Missoula 0
BOTTOM OF THE 7TH
Missoula Osprey batting - Pitching for Billings Mustangs : RHP Matt Johnson
Batting: SHB Evan Armagost 0-0: Called Strike
0-1: Foul Ball, location: 2F
0-2: Ground out 4-3 (Groundball, 34, EV 80.0 MPH)
Pinch Hitting: SHB Nate Neumann 0-0: Called Strike
0-1: Foul Ball, location: 2F
0-2: Fly out, F6 (Popup, 6MS, EV 84.4 MPH)
Batting: LHB Enrique Ponce 0-0: Ball
1-0: Called Strike
1-1: Reached via error on a dropped throw from 1B, E1 (Groundball, 34S, EV 88.1 MPH)
Batting: RHB Antonio Luisa 0-0: Called Strike
0-1: Foul Ball, location: 2F
0-2: Ball
1-2: Ball
Enrique Ponce steals 2nd base (no throw)
2-2: Foul Ball, location: 2F
2-2: SINGLE (Line Drive, 8RM, EV 94.4 MPH)
Enrique Ponce to third
Batting: SHB Lee Dillon 0-0: Called Strike
0-1: Ball
1-1: Ball
2-1: Fielders Choice at 2nd, 6-4 (Groundball, 6, EV 88.8 MPH)
Bottom of the 7th over - 0 runs, 1 hit, 1 error, 2 left on base; Billings 10 - Missoula 0
TOP OF THE 8TH
Billings Mustangs batting - Pitching for Missoula Osprey : RHP John Petersen
Now in LF: Tae-geun Kwang
Batting: RHB Jay Jacobson 0-0: Called Strike
0-1: Ball
1-1: Ball
2-1: Called Strike
2-2: Ball
3-2: Foul Ball, location: 2F
3-2: Base on Balls
Pitching: RHP Tom Alatas
Batting: LHB Jon Goddard 0-0: Ball
1-0: Foul Ball, location: 2F
1-1: Fly out, F8 (Flyball, 8LS, EV 89.4 MPH)
Batting: RHB Yutaka Sato 0-0: Ball
1-0: Called Strike
1-1: Foul Ball, location: 2F
1-2: SINGLE (Line Drive, 78S, EV 93.1 MPH)
Jay Jacobson to second
Batting: RHB Cyd Carver 0-0: Called Strike
0-1: Called Strike
0-2: Strikes out swinging
Batting: RHB Jon Monteith 0-0: Swinging Strike
0-1: Called Strike
0-2: Foul Ball, location: 2F
0-2: Ball
1-2: Strikes out swinging
Top of the 8th over - 0 runs, 1 hit, 0 errors, 2 left on base; Billings 10 - Missoula 0
BOTTOM OF THE 8TH
Missoula Osprey batting - Pitching for Billings Mustangs : RHP Matt Johnson
Batting: RHB Sergio Manzanero 0-0: Foul Ball, location: 2F
0-1: Ball
1-1: Ball
2-1: Called Strike
2-2: Strikes out swinging
Batting: RHB Zach Espinosa 0-0: Called Strike
0-1: Reached on error, E8 (Flyball, 8RD, EV 100.6 MPH)
Batting: RHB Ernesto Zamora 0-0: SINGLE (Groundball, 6M, EV 98.1 MPH) (infield hit)
Zach Espinosa to third
Batting: RHB Paul Schreiber 0-0: Ball
1-0: SINGLE (Groundball, 6S, EV 68.8 MPH) (infield hit)
Zach Espinosa scores
Ernesto Zamora to second
Pitching: RHP Jaime Kijowski
Batting: SHB Evan Armagost 0-0: Fielders Choice at 2nd, 4-6 (Groundball, 4, EV 86.9 MPH)
Ernesto Zamora to third
Batting: LHB Tae-geun Kwang 0-0: Ball
1-0: Ball
2-0: Foul Ball, location: 2F
2-1: Called Strike
2-2: SINGLE (Line Drive, 9LS, EV 112.5 MPH)
Ernesto Zamora scores
Evan Armagost to second
Batting: LHB Enrique Ponce 0-0: Foul Ball, location: 2F
0-1: Foul Ball, location: 2F
0-2: Ball
1-2: Strikes out swinging
Bottom of the 8th over - 2 runs, 3 hits, 1 error, 2 left on base; Billings 10 - Missoula 2
TOP OF THE 9TH
Billings Mustangs batting - Pitching for Missoula Osprey : RHP Tom Alatas
Batting: RHB Nick Miller 0-0: Ball
1-0: Ball
2-0: Ball
3-0: Called Strike
3-1: Fly out, F7 (Flyball, 78S, EV 80.0 MPH)
Batting: LHB Matthew Berry 0-0: Ball
1-0: Ball
2-0: Ball
3-0: Called Strike
3-1: Foul Ball, location: 2F
3-2: Base on Balls
Batting: LHB David Moore 0-0: Swinging Strike
0-1: Foul Ball, location: 2F
0-2: Ball
1-2: Foul Ball, location: 2F
1-2: Foul Ball, location: 2F
1-2: Ball
2-2: 2-RUN HOME RUN (Flyball, 9D, EV 93.8 MPH), Distance : 353 ft
Pitching: RHP Nate Spencer
Batting: RHB David Clough 0-0: Ball
1-0: Ball
2-0: Called Strike
2-1: Ball
3-1: Base on Balls
Batting: RHB Jay Jacobson 0-0: Ball
1-0: Called Strike
1-1: Ball
2-1: Ball
3-1: Foul Ball, location: 2F
3-2: 2-RUN HOME RUN (Flyball, 78XD, EV 109.4 MPH), Distance : 408 ft
Batting: LHB Jon Goddard 0-0: Ball
1-0: Ground out 6-3 (Groundball, 6, EV 83.8 MPH)
Batting: RHB Yutaka Sato 0-0: Ball
1-0: Ball
2-0: Fly out, F8 (Flyball, 8LD, EV 68.8 MPH)
Top of the 9th over - 4 runs, 2 hits, 0 errors, 0 left on base; Billings 14 - Missoula 2
BOTTOM OF THE 9TH
Missoula Osprey batting - Pitching for Billings Mustangs : RHP Jaime Kijowski
Batting: RHB Antonio Luisa 0-0: Called Strike
0-1: Ball
1-1: Ball
2-1: Ball
3-1: Foul Ball, location: 2F
3-2: Fly out, F8 (Flyball, 8LD, EV 88.1 MPH)
Batting: SHB Lee Dillon 0-0: Ball
1-0: Ball
2-0: Called Strike
2-1: Foul Ball, location: 2F
2-2: Fly out, F7 (Flyball, 78D, EV 96.3 MPH)
Batting: RHB Sergio Manzanero 0-0: Called Strike
0-1: Called Strike
0-2: Ball
1-2: Strikes out swinging
Bottom of the 9th over - 0 runs, 0 hits, 0 errors, 0 left on base; Billings 14 - Missoula 2
Thursday, March 31st , 2022 - OOTP Baseball 22.12 Build 89